 Dungeon Crawl Stone Soup version 0.28.0-47-ge53b351184 (webtiles) character file.

Game seed: 8824486669194179417

24 KamiKatze the Conjurer (level 3, -6/21 HPs)
             Began as an Octopode Conjurer on May 2, 2022.
             Mangled by Natasha (7 damage)
             ... on level 2 of the Dungeon.
             The game lasted 00:03:19 (782 turns).

KamiKatze the Conjurer (Octopode Conjurer)           Turns: 782, Time: 00:03:19

Health: -6/21      AC:  1    Str:  6    XL:     3   Next: 2%
Magic:  0/6        EV: 13    Int: 22    God:
Gold:   83         SH:  0    Dex: 10    Spells: 3/6 levels left

rFire   . . .      SeeInvis .   a - +0 spear
rCold   . . .      Faith    .   (no shield)
rNeg    . . .      Spirit   .   (helmet restricted)
rPois   .          Reflect  .   (no amulet)
rElec   .          Harm     .   (no ring)
rCorr   .          Rampage  .   (no ring)
Will    .....                   (no ring)
Stlth   +++.......              (no ring)
HPRegen 0.07/turn               (no ring)
MPRegen 0.10/turn               (no ring)
                                (no ring)
                                (no ring)

@: no status effects
A: almost no armour, amphibious, 8 rings, camouflage 1, gelatinous body 1,
(nimble swimmer 1), tentacles
a: no special abilities


You were on level 2 of the Dungeon.
You visited 1 branch of the dungeon, and saw 2 of its levels.

You collected 83 gold pieces.

Inventory:

Hand Weapons
 a - a +0 spear (weapon)
Missiles
 b - 16 stones (quivered)
Scrolls
 c - a scroll of summoning {unknown}
Potions
 d - a potion of curing {unknown}


   Skills:
 + Level 2.1 Dodging
 + Level 2.9 Stealth
 * Level 2.2 Spellcasting
 * Level 4.1 Conjurations
 * Level 1.0 Hexes
 * Level 0.8 Translocations


You had 3 spell levels left.
You knew the following spells:

 Your Spells              Type           Power      Damage    Failure   Level
a - Magic Dart            Conj           80%        1d7       2%          1
b - Searing Ray           Conj           40%        2d5       3%          2

Your spell library contained the following spells:

 Spells                   Type           Power      Damage    Failure   Level
 Dazzling Flash           Conj/Hex       26%        N/A       14%         3
 Fulminant Prism          Conj/Hex       6%         3d7       43%         4
 Iskenderun's Mystic Bla  Conj/Tloc      13%        2d5       43%         4


Dungeon Overview and Level Annotations

Branches:
Dungeon (2/15)

Altars:

Annotations:
D:2 exclusion: 2 gnolls, Natasha


Innate Abilities, Weirdness & Mutations

You cannot wear most types of armour.
You are amphibious.
You can wear up to eight rings at the same time.
Your skin changes colour to match your surroundings (Stealth+).
Your rubbery body absorbs attacks. (AC +1, EV +1)
((You are camouflaged when in or above water. (Stealth+)))
You have tentacles for arms and can constrict up to eight enemies at once.


Message History

Natasha casts a spell.
You see here a quokka corpse.
You start resting.
Natasha is nearby!
Casting: Magic Dart (safe; 2% risk of failure)
Confirm with . or Enter, or press ? or * to list all spells.
Aiming: Searing Ray (safe; 3% risk of failure)
Press: ? - help, Shift-Dir - straight line, f/p - Natasha
Aim: Natasha (heavily wounded, 72% to hit)
The searing ray misses Natasha. (Press . to maintain the ray.) Unknown command.
The searing ray misses Natasha.
The searing ray misses Natasha.
Natasha claws you.
The searing ray hits Natasha.
Natasha is severely wounded.
You finish channelling your searing ray.
Natasha casts a spell at you. The magic dart hits you!
* * * LOW HITPOINT WARNING * * *
Unknown command.
Casting: Searing Ray (safe; 3% risk of failure)
Confirm with . or Enter, or press ? or * to list all spells.
You don't have enough magic to cast this spell.
Unknown command.
Casting: Searing Ray (safe; 3% risk of failure)
Confirm with . or Enter, or press ? or * to list all spells.
Aiming: Magic Dart (safe; 2% risk of failure)
Press: ? - help, Shift-Dir - straight line, f/p - Natasha
Aim: Natasha (severely wounded, 100% to hit)
The magic dart hits Natasha.
Natasha is almost dead.
Natasha misses you.
Unknown command.
You closely miss Natasha. Your grab misses Natasha.
Natasha is almost dead.
Natasha claws you!
* * * LOW HITPOINT WARNING * * *
Natasha claws you!
You die...

.# #.# #.# #.####
#....# .## ### #.##.#
. .. #.###.##.# .##.#
#.@...##.# .....
#h###.##.#
##..#####.#<.....#
#.......†.###†####.#
###+#................#
........#######.######
........# #.#
.....##.# #.# .[.. #.#
#.#


You could see Natasha.

Vanquished Creatures
  An adder (D:2)
  A giant cockroach (D:1)
  A goblin (D:1)
  3 quokkas
  A ball python (D:2)
  A frilled lizard (D:2)
  3 kobolds (D:1)
  5 rats (D:1)
  A spectral goblin (D:1)
17 creatures vanquished.

Notes
Turn   | Place    | Note
-------+----------+-------------------------------------------
     0 | D:1      | KamiKatze the Octopode Conjurer began the quest for the
                  | Orb.
     0 | D:1      | Reached XP level 1. HP: 11/11 MP: 3/3
   295 | D:1      | Found a faded altar of an unknown god.
   351 | D:1      | Reached XP level 2. HP: 17/17 MP: 1/5
   354 | D:1      | Learned a level 2 spell: Searing Ray
   678 | D:2      | Noticed Natasha
   734 | D:2      | Reached skill level 1 in Hexes
   734 | D:2      | Reached XP level 3. HP: 21/21 MP: 3/6
   782 | D:2      | HP: 1/21 [Natasha (7)]
   782 | D:2      | Mangled by Natasha

Illustrated notes

Levels and vault maps discovered:
D:1:      dpeg_arrival_tiny_d, layout_loops_cross, serial_rivers,
          chequers_serial_rivers_room_b, chequers_serial_rivers_marsh,
          chequers_serial_rivers_micro_b, chequers_serial_rivers_micro_a,
          dreamdust_ecumenical_altar_drowned_temple
D:2:      layout_basic, minmay_pentomino_p2, uniq_natasha, uniq_terence

Skill      XL: |  1  2 |
---------------+-------+-----
Hexes          | 1 |  1.0
Dodging        | |  2.1
Stealth        | |  2.9
Spellcasting   | |  2.2
Conjurations   | |  4.1
Translocations | |  0.8

Action                   || total
-------------------------++-------
Melee: Spear             ||     1
 Cast: Magic Dart        ||    28
       Searing Ray       ||     1
Dodge: Dodged            ||     1
